 Dungeon Crawl Stone Soup version 0.23-a0-333-g006994f (webtiles) character file.

2612 Ijustatesigmund the Blocker (level 9, -1/54 HPs)
             Began as an Octopode Wizard on Oct 17, 2018.
             Slain by a wolf (6 damage)
             ... on level 8 of the Dungeon.
             The game lasted 00:18:04 (8658 turns).

Ijustatesigmund the Blocker (Octopode Wizard)       Turns: 8658, Time: 00:18:06

Health: -1/54      AC:  2    Str:  6    XL:     9   Next: 60%
Magic:  13/13      EV: 15    Int: 21    God:
Gold:   317        SH: 12    Dex: 13    Spells: 5/14 levels left

rFire    . . .     SeeInvis .   h - +7 spear (freeze)
rCold    . . .     Gourm    .   l - +2 shield
rNeg     . . .     Faith    .   a - +1 hat
rPois    .         Spirit   .   p - amulet of rage
rElec    .         Reflect  .   b - ring of resist corrosion
rCorr    +         Harm     .   s - +3 ring of evasion
MR       .....                  (no ring)
Stlth    ++++......             (no ring)
HPRegen  0.18/turn              (no ring)
MPRegen  0.13/turn              (no ring)
                                (no ring)
                                (no ring)

@: no status effects
A: almost no armour, stealthy swim, amphibious, 8 rings, constrict 8, camouflage
1, gelatinous body 1
a: Evoke Berserk Rage


You were on level 8 of the Dungeon.
You were not hungry.

You visited 2 branches of the dungeon, and saw 9 of its levels.

You collected 317 gold pieces.

Inventory:

Hand Weapons
 h - a +7 spear of freezing (weapon)
Missiles
 t - a throwing net (quivered)
Armour
 a - a +1 hat (worn)
 l - a +2 shield (worn)
Jewellery
 b - a ring of resist corrosion (left tentacle)
 p - an amulet of rage (around mantle)
 s - a +3 ring of evasion (right tentacle)
Wands
 u - a wand of acid (4)
Scrolls
 i - 2 scrolls of teleportation
 j - 2 scrolls of remove curse
 r - a scroll of magic mapping
Potions
 d - a potion of resistance {unknown}
 e - 3 potions of heal wounds
 f - 2 potions of lignification {unknown}
 g - a potion of brilliance {unknown}
 k - 4 potions of curing
 m - 2 potions of might
 n - a potion of invisibility
 o - a potion of flight {unknown}
Comestibles
 c - 15 rations
 q - 3 chunks of flesh


   Skills:
 - Level 2.2 Fighting
 - Level 2.0 Polearms
 - Level 2.0 Dodging
 - Level 6.3 Stealth
 + Level 8.5 Shields
 - Level 3.0 Spellcasting
 - Level 5.7 Conjurations
   Level 1.0 Summonings
 - Level 2.4 Translocations
 - Level 3.1 Air Magic
 - Level 3.3 Poison Magic


You had 5 spell levels left.
You knew the following spells:

 Your Spells              Type           Power        Failure   Level  Hunger
a - Magic Dart            Conj           ####         3%          1    None
b - Blink                 Tloc           N/A          17%         2    ##.....
c - Mephitic Cloud        Conj/Pois/Air  ###.....     17%         3    ###....
d - Conjure Flame         Conj/Fire      ###.....     28%         3    ###....

Your spell library contained the following spells:

 Spells                   Type           Power        Failure   Level  Hunger
 Call Imp                 Summ           #.......     30%         2    ##.....
 Slow                     Hex            #.......     41%         2    ##.....


Dungeon Overview and Level Annotations

Branches:
Dungeon (8/15)             Temple (1/1) D:4
   Lair: D:8-11

Altars:
Ashenzari
Dithmenos
Elyvilon
Fedhas
Gozag
Makhleb
Nemelex Xobeh
Okawaru
Qazlal
Ru
Sif Muna
Uskayaw
Vehumet
Wu Jian
Xom
Yredelemnul
Zin
The Shining One

Annotations:
D:7 Joseph


Innate Abilities, Weirdness & Mutations

You cannot wear most types of armour.
You are very stealthy in the water. (Stealth+)
You are amphibious.
You can wear up to eight rings at the same time.
You can use your tentacles to constrict eight enemies at once.
Your skin changes colour to match your surroundings (Stealth+).
Your rubbery body absorbs attacks. (AC +1, EV +1)


Message History

The wolf misses you. The wolf completely misses you.
You miss the wolf. Your grab misses the wolf. Your squeeze misses the wolf.
The wolf is lightly wounded.
The wolf misses you. The wolf closely misses you.
You closely miss the wolf. Your grab misses the wolf.
The wolf is lightly wounded.
The wolf bites you.
* * * LOW HITPOINT WARNING * * *
The wolf misses you.
You hit the wolf. You freeze the wolf. Your grab misses the wolf.
Your squeeze misses the wolf.
The wolf is heavily wounded.
You block the wolf's attack.
You hit the wolf but do no damage. You grab the wolf.
The wolf is heavily wounded.
You constrict the wolf, but do no damage.
The wolf bites you!
* * * LOW HITPOINT WARNING * * *
The wolf bites you.
You die...

#.###.......+....# #..†
...##.....).....#....# #...
................#....# #...
.....................# ....
.....................##....
.....#.............÷.##....
.....#...............$.....
.....#.....h(...#......#..o
.#........@()...#..h...# #
..........#)..##......#
.........#...##......#
......................
##########.#....##.....
#.#....# .........
......... ... .....


You could see a wolf.

Vanquished Creatures
  Harold (D:7)
  A hippogriff (D:7)
  An ice beast (D:6)
  A necrophage (D:6)
  2 wolves (D:8)
  4 ogres
  A bullfrog (D:6)
  2 howler monkeys
  6 crimson imps
  A bullfrog zombie (D:6)
  2 jellies
  A bullfrog skeleton (D:4)
  2 centaur skeletons (D:5)
  3 hounds
  An iguana (D:4)
  2 orc wizards
  Natasha (thrice) (D:3)
  2 worker ants
  3 hound skeletons
  A worker ant zombie (D:5)
  7 adders
  2 shadow imps (D:8)
  3 oozes
  An adder skeleton (D:4)
  5 worms
  3 dart slugs
  5 leopard geckos
  12 orcs
  5 bats
  4 giant cockroaches
  6 goblins
  8 hobgoblins
  16 jackals
  4 kobolds
  5 quokkas
  2 ball pythons
  3 frilled lizards
  A jackal zombie (D:4)
  2 leopard gecko skeletons
  2 rats (D:2)
136 creatures vanquished.

Notes
Turn   | Place    | Note
-------+----------+-------------------------------------------
     0 | D:1      | Ijustatesigmund the Octopode Wizard began the quest for the
                  | Orb.
     0 | D:1      | Reached XP level 1. HP: 11/11 MP: 4/4
   482 | D:1      | Reached XP level 2. HP: 5/17 MP: 0/6
   719 | D:1      | Learned a level 2 spell: Blink
  1484 | D:2      | Reached XP level 3. HP: 21/21 MP: 2/7
  1485 | D:2      | Found a faded altar of an unknown god.
  1816 | D:2      | Found a sacrificial altar of Ru.
  1992 | D:2      | Found a stormy altar of Qazlal.
  2294 | D:2      | Learned a level 3 spell: Mephitic Cloud
  2579 | D:3      | Reached XP level 4. HP: 24/27 MP: 8/8
  2585 | D:3      | Reached skill level 1 in Air Magic
  2677 | D:3      | Reached skill level 1 in Polearms
  2704 | D:3      | Found an iron altar of Okawaru.
  2866 | D:3      | Reached skill level 1 in Poison Magic
  3227 | D:3      | Noticed Natasha
  3233 | D:3      | Killed Natasha
  3233 | D:3      | Reached XP level 5. HP: 20/31 MP: 9/9
  3333 | D:3      | Noticed Natasha
  3339 | D:3      | Killed Natasha
  3361 | D:3      | Found a shattered altar of Ashenzari.
  3447 | D:3      | Reached skill level 1 in Fighting
  3626 | D:3      | Noticed Natasha
  3632 | D:3      | Killed Natasha
  3632 | D:3      | Reached XP level 6. HP: 13/38 MP: 10/10
  4615 | D:4      | Found a sparkling altar of Nemelex Xobeh.
  4907 | D:4      | Learned a level 3 spell: Conjure Flame
  4945 | D:4      | Found a shimmering altar of Xom.
  4985 | D:4      | Found a staircase to the Ecumenical Temple.
  4991 | Temple   | Entered the Ecumenical Temple
  5291 | D:4      | Found a hide-covered altar of Uskayaw.
  5491 | D:4      | Reached XP level 7. HP: 45/45 MP: 5/11
  5502 | D:5      | Entered Level 5 of the Dungeon
  5858 | D:4      | Found an opulent altar of Gozag.
  5858 | D:4      | Found a glowing golden altar of the Shining One.
  5891 | D:5      | Reached skill level 5 in Conjurations
  6183 | D:5      | Reached XP level 8. HP: 50/50 MP: 12/12
  6592 | D:6      | Reached skill level 1 in Shields
  6764 | D:6      | Reached skill level 5 in Stealth
  6898 | D:6      | Reached skill level 2 in Shields
  7643 | D:7      | Noticed a hippogriff
  7657 | D:7      | Killed a hippogriff
  7657 | D:7      | Reached skill level 4 in Shields
  8214 | D:7      | Noticed Harold
  8340 | D:7      | Killed Harold
  8340 | D:7      | Reached skill level 7 in Shields
  8340 | D:7      | Reached XP level 9. HP: 36/54 MP: 8/13
  8394 | D:7      | Noticed Joseph
  8555 | D:8      | Reached skill level 8 in Shields
  8658 | D:8      | Slain by a wolf

Vault maps used:
D:1:      minmay_arrival_plants_in_alcoves, minmay_door_square,
          grunt_decor_one_mirror
D:2:      lemuel_coloured_pillars_altar, old_standard_altar, first_ration,
          chequers_ecumenical_altar_simple_redux
D:3:      nicolae_overflow_crystal_walls, old_standard_altar,
          lemuel_flame_loot_1, uniq_natasha
D:4:      nicolae_overflow_hidden_temple, lemuel_round_altar,
          nemelex_xobeh_ov_fountains_minmay, minmay_temple_entry_fiery
D:7:      hellmonk_ghost_happy_afterlife, uniq_harold, uniq_joseph,
          uniq_menkaure
D:8:      lemuel_doored_altar, kennysheep_vampire_church, erik_lair_island
Temple:   compressed_dpeg_triangle_lava_temple

Skill      XL: |  1  2  3  4  5  6  7  8  9 |
---------------+----------------------------+-----
Conjurations   | 2 3 5 |  5.7
Translocations | 2 |  2.4
Air Magic      | 2 3 |  3.1
Polearms       | 2 |  2.0
Poison Magic   | 1 2 3 |  3.3
Fighting       | 1 2 |  2.2
Stealth        | 3 6 |  6.3
Shields        | 7 8 |  8.5
Dodging        | |  2.0
Spellcasting   | |  3.0
Summonings     | |  1.0

Action                   |  1- 3 |  4- 6 |  7- 9 || total
-------------------------+-------+-------+-------++-------
Melee: Unarmed           |    13 |       |       ||    13
       Constrict         |     6 |    15 |    30 ||    51
       Tentacles         |     1 |     6 |    20 ||    27
       Spear             |    30 |    80 |   172 ||   282
 Cast: Magic Dart        |    38 |    76 |    78 ||   192
       Mephitic Cloud    |       |     3 |     4 ||     7
       Blink             |       |     1 |     2 ||     3
  Use: Scroll            |     6 |     8 |     7 ||    21
       Potion            |       |     1 |     1 ||     2
 Stab: Sleeping          |     8 |     3 |     7 ||    18
       Confused          |       |       |     2 ||     2
  Eat: Chunk             |     5 |     7 |     6 ||    18
       Ration            |       |     1 |     1 ||     2
Armor: Skin              |     1 |     2 |    11 ||    14
Dodge: Dodged            |    21 |    39 |    70 ||   130
Block: Shield            |       |       |    42 ||    42

Table legend:
 A = Non-vault XP
 B = Vault XP
 C = Vault XP percentage of total XP
 D = Non-vault monster count
 E = Vault monster count
 F = Vault count percentage of total count
                 A         B        C        D         E       F
            +---------+---------+-------+---------+---------+-------
      Total |    2391 |    1341 |  35.9 |     130 |       6 |   4.4
            +---------+---------+-------+---------+---------+-------
        D:1 |      32 |       0 |   0.0 |      16 |       0 |   0.0
        D:2 |      35 |       0 |   0.0 |      14 |       0 |   0.0
        D:3 |     221 |      35 |  13.7 |      33 |       1 |   2.9
        D:4 |     394 |       0 |   0.0 |      17 |       0 |   0.0
        D:5 |     546 |       0 |   0.0 |      21 |       0 |   0.0
        D:6 |     511 |       0 |   0.0 |      11 |       0 |   0.0
        D:7 |     362 |     987 |  73.2 |       8 |       1 |  11.1
        D:8 |     290 |     319 |  52.4 |      10 |       4 |  28.6
            +---------+---------+-------+---------+---------+-------
